Map: New Repugnancy LE

Players

SHODAN - Winner!

  • Race: Terran Terran
  • League: Master
  • Spawn Location: 7:00

KITor

  • Race: Zerg Zerg
  • League: Grandmaster
  • Spawn Location: 1:00

VOD

Have the link to the VOD?

Description

Time

  • Played on: July 13, 2019, 6:47 a.m.
  • Length: 12:03
Show
View Real Time Build Order
Export as new Build Order

SHODAN Terran - Winner!

Build Orders: Reaper Expand, Mech 

Get SALT Encoding   

  12  0:00  SCV  
  13  0:13  SCV  
  14  0:18  Supply Depot  
  14  0:25  SCV  
  15  0:39  SCV  
  15  0:40  Barracks  
  16  0:45  Refinery  
  16  0:51  SCV  
  17  1:04  SCV  
  18  1:16  SCV  
  19  1:28  Orbital Command, Reaper  
  20  1:41  Command Center  
  20  1:51  Supply Depot  
  20  1:53  SCV  
  21  1:59  Marine  
  22  2:05  SCV  
  23  2:10  Factory  
  23  2:17  SCV  
  23  2:19  Refinery  
  23  2:22  Barracks Reactor  
  24  2:31  SCV  
  25  2:43  SCV  
  26  2:54  Orbital Command, Hellion  
  26  2:55  SCV, Starport  
  29  3:02  Marine x2  
  31  3:07  SCV  
  32  3:17  Factory Tech Lab  
  32  3:19  SCV  
  33  3:20  SCV  
  33  3:21  Marine x2  
  36  3:31  SCV  
  36  3:32  Medivac  
  39  3:34  SCV  
  39  3:39  Siege Tank  
  39  3:40  Supply Depot  
  39  3:41  Marine  
  42  3:43  SCV  
  42  3:47  SCV  
  45  3:50  Marine  
  46  4:02  SCV x2, Supply Depot  
  48  4:08  Supply Depot  
  48  4:09  Marine x2  
  50  4:11  Siege Tank  
  50  4:14  SCV  
  55  4:24  SCV  
  55  4:26  SCV  
  55  4:27  Supply Depot, Marine x2  
  58  4:36  SCV  
  60  4:38  SCV, Medivac  
  60  4:42  Refinery  
  62  4:48  SCV  
  62  4:49  Siege Tank  
  62  4:50  SCV  
  62  4:52  Supply Depot  
  67  4:55  Command Center  
  67  5:00  SCV  
  67  5:02  SCV, Refinery  
  69  5:10  Medivac  
  69  5:12  SCV  
  72  5:14  SCV  
  72  5:21  Siege Tank  
  75  5:22  Bunker  
  75  5:24  SCV  
  75  5:27  SCV  
  60  5:48  SCV x2  
  56  5:51  Factory  
  56  5:52  Factory  
  56  5:58  Liberator  
  56  6:00  SCV  
  57  6:08  SCV, Barracks Tech Lab  
  57  6:10  Orbital Command  
  58  6:13  Refinery  
  58  6:14  Hellion x2  
  58  6:17  SCV  
  66  6:20  SCV  
  66  6:24  Armory  
  67  6:29  SCV  
  67  6:32  SCV  
  69  6:41  SCV  
  70  6:48  SCV x2  
  70  6:50  Widow Mine x2  
  70  6:51  Cyclone  
  79  6:57  Supply Depot  
  79  7:00  Cyclone  
  82  7:01  SCV  
  82  7:02  Mag-Field Accelerator  
  82  7:07  SCV x2  
  82  7:13  SCV  
  82  7:19  SCV x2  
  82  7:20  Widow Mine x2  
  88  7:24  Drilling Claws  
  88  7:25  Terran Vehicle And Ship Armor Level 1  
  88  7:26  SCV  
  88  7:28  Factory  
  89  7:31  SCV x2  
  89  7:35  Hellion x2  
  89  7:36  Refinery  
  95  7:38  SCV  
  95  7:43  SCV  
  95  7:44  SCV  
  98  7:47  Command Center  
  98  7:48  Widow Mine  
  98  7:50  SCV  
  101  7:56  SCV x2  
  98  8:02  SCV  
  99  8:08  SCV x2, Supply Depot x2, Factory  
  99  8:09  Supply Depot  
  99  8:10  Factory  
  101  8:25  Factory Tech Lab  
  101  8:26  SCV x3, Cyclone  
  107  8:28  Widow Mine  
  107  8:30  Cyclone, Widow Mine  
  114  8:38  SCV x3  
  114  8:40  Factory  
  117  8:44  Supply Depot  
  116  8:50  Cyclone  
  116  8:51  SCV  
  116  8:52  SCV, Factory Reactor  
  121  8:57  SCV  
  121  8:58  Cyclone  
  125  9:05  Engineering Bay  
  125  9:09  SCV, Widow Mine x2  
  130  9:10  SCV, Armory  
  130  9:12  Cyclone  
  130  9:13  Factory Tech Lab  
  130  9:16  SCV  
  135  9:22  Cyclone  
  138  9:27  SCV x2  
  138  9:28  SCV, Terran Vehicle And Ship Armor Level 2  
  132  9:39  SCV x2  
  134  9:51  Cyclone x3  
  134  9:52  Factory Tech Lab  
  141  9:55  Hellion  
  141  9:56  Hellion x3  
  141  9:57  Smart Servos, Infernal Pre-Igniter  
  141  9:58  Planetary Fortress  
  141  10:01  Refinery  
  141  10:02  Refinery  
  141  10:05  Widow Mine  
  143  10:11  Cyclone  
  146  10:17  Widow Mine  
  148  10:23  Cyclone  
  148  10:25  Cyclone  
  148  10:26  Widow Mine  
  156  10:29  Factory  
  156  10:31  Supply Depot  
  156  10:32  Supply Depot x3  
  156  10:33  Supply Depot  
  156  10:34  Cyclone, Widow Mine  
  161  10:39  Widow Mine x2  
  161  10:40  Cyclone  
  168  10:43  Cyclone  
  168  10:48  Widow Mine  
  173  10:56  Widow Mine x2  
  164  11:02  Widow Mine x2  
  168  11:07  Cyclone x2  
  174  11:13  Cyclone, Widow Mine x2  
  174  11:15  Cyclone  
  170  11:28  Hellion x3  
  171  11:33  Starport  
  171  11:34  Starport  
  171  11:36  Fusion Core  
  171  11:39  Starport  
  171  11:40  Supply Depot  
  171  11:46  Command Center  
  167  11:47  Command Center  
Show
View Real Time Build Order
Export as new Build Order

KITor Zerg 

Build Orders: Hatch First 

Get SALT Encoding   

  12  0:02  Drone  
  13  0:12  Overlord  
  13  0:18  Drone  
  14  0:31  Drone x2  
  16  0:49  Hatchery  
  15  0:55  Drone  
  15  0:56  Drone  
  17  0:58  Drone  
  18  1:11  Extractor  
  17  1:13  Spawning Pool  
  17  1:17  Drone  
  17  1:20  Drone  
  18  1:28  Drone  
  19  1:38  Overlord  
  19  1:49  Drone  
  20  2:00  Queen  
  22  2:01  Zergling x2  
  22  2:02  Queen, Zergling x2  
  26  2:10  Metabolic Boost  
  26  2:12  Drone  
  26  2:14  Drone  
  28  2:21  Drone  
  29  2:25  Drone  
  30  2:34  Drone  
  31  2:44  Hatchery  
  31  2:46  Drone  
  31  2:49  Overlord  
  31  2:53  Drone  
  32  2:59  Queen  
  35  3:05  Drone  
  35  3:09  Drone x3  
  35  3:12  Drone  
  39  3:14  Drone  
  39  3:19  Drone x2  
  42  3:20  Drone  
  43  3:31  Extractor, Roach Warren  
  43  3:32  Overlord  
  41  3:39  Overlord  
  41  3:41  Overlord  
  41  4:13  Roach x4  
  41  4:14  Roach x8  
  65  4:19  Overlord  
  65  4:21  Overlord  
  65  4:24  Zergling x2  
  65  4:30  Overlord  
  66  4:39  Zergling x12  
  72  4:45  Overlord  
  72  4:55  Zergling x8  
  72  4:57  Ravager x2  
  72  4:58  Ravager x2  
  72  4:59  Zergling x4  
  82  5:04  Drone  
  82  5:05  Drone x2  
  74  5:30  Roach  
  74  5:32  Roach x3  
  75  5:39  Roach x2  
  68  5:43  Roach  
  68  5:44  Roach x2  
  68  5:45  Zergling x2  
  68  5:46  Zergling x2  
  65  5:51  Queen  
  65  5:52  Drone  
  65  5:55  Baneling Nest, Evolution Chamber, Zergling x4  
  65  6:03  Queen, Drone x2  
  69  6:05  Drone  
  69  6:09  Lair  
  70  6:12  Drone  
  71  6:19  Drone x2  
  71  6:22  Zerg Melee Weapons Level 1  
  71  6:23  Drone x2  
  71  6:25  Extractor, Spore Crawler  
  74  6:27  Spore Crawler x2  
  74  6:31  Queen  
  73  6:35  Overlord  
  72  6:50  Drone  
  72  6:52  Drone  
  74  6:54  Ravager  
  74  6:55  Ravager  
  76  7:10  Drone x4  
  76  7:14  Drone x2, Centrifical Hooks  
  78  7:15  Drone  
  78  7:16  Drone x3  
  78  7:17  Overlord x2  
  78  7:21  Overlord x2  
  82  7:25  Overlord  
  82  7:34  Overlord  
  82  7:42  Drone x2  
  84  7:44  Drone x4  
  84  7:51  Drone x2  
  90  7:56  Zergling x2  
  90  7:57  Zergling x18  
  90  7:58  Zergling x2  
  101  8:10  Extractor x2  
  99  8:17  Baneling  
  99  8:18  Baneling x2  
  99  8:34  Drone x5, Hydralisk Den  
  104  8:41  Zergling x4  
  104  8:42  Zergling x14  
  112  8:49  Hatchery  
  111  9:00  Zerg Ground Armor Level 1  
  111  9:01  Overlord x3  
  111  9:02  Evolution Chamber  
  110  9:03  Grooved Spines  
  110  9:06  Overlord  
  110  9:07  Overlord  
  110  9:10  Extractor  
  110  9:11  Overlord  
  110  9:12  Infestation Pit  
  110  9:13  Hatchery  
  107  9:22  Drone x3  
  107  9:27  Queen  
  109  9:32  Baneling x4, Queen  
  109  9:33  Baneling x2, Hydralisk x2  
  109  9:36  Drone  
  109  9:37  Drone  
  116  9:39  Zerg Melee Weapons Level 2  
  110  9:47  Drone x2  
  110  9:48  Drone  
  105  9:58  Drone x2  
  106  10:02  Drone x2  
  106  10:03  Drone  
  106  10:06  Ravager  
  113  10:07  Ravager x6  
  113  10:10  Zergling x2  
  113  10:11  Zergling x8  
  117  10:14  Muscular Augments  
  117  10:20  Pathogen Glands  
  117  10:22  Drone  
  117  10:23  Drone  
  117  10:25  Baneling x5  
  117  10:26  Baneling x2  
  119  10:29  Baneling  
  119  10:30  Baneling x4  
  119  10:37  Zergling x4  
  121  10:43  Drone  
  121  10:44  Drone  
  121  10:45  Queen, Drone x2  
  127  10:56  Zergling x2  
  108  10:57  Zergling x18  
  108  11:00  Drone  
  118  11:06  Zergling x10  
  118  11:10  Baneling  
  111  11:19  Overseer x2  
  109  11:26  Roach x2, Hatchery  
  109  11:27  Roach x2  
  108  11:40  Roach x6  
Tags
 
Add a new tag
Caveats
  • Supply blocks, unpowered buildings, or Contaminate may cause inaccurate times.
  • Supply counts are checked every 10 seconds.